 Dungeon Crawl Stone Soup version 0.21.1-1-g345015f (webtiles) character file.

2160 inc the Transmogrifier (level 9, -3/41 HPs)
             Began as a Felid Transmuter on Mar 6, 2018.
             Was a Follower of Ru.
             Killed by divine providence
             ... invoked by an orc priest
              (10 damage)
             ... on level 9 of the Dungeon on Mar 7, 2018.
             The game lasted 00:33:38 (9512 turns).

inc the Transmogrifier (Felid Transmuter)           Turns: 9512, Time: 00:33:39

Health: -3/41      AC:  2    Str:  3    XL:     9   Next: 10%
Magic:  17/22      EV: 26    Int: 16    God:    Ru [*.....]
Gold:   261        SH:  0    Dex: 17    Spells: 1/12 levels left
                                        Lives:  0   Deaths: 2

rFire    . . .     SeeInvis +     - Unarmed
rCold    . . .     Gourm    .   (shield unavailable)
rNeg     . . .     Faith    .   (armour unavailable)
rPois    .         Spirit   .   (helmet unavailable)
rElec    .         Reflect  .   (cloak unavailable)
rCorr    .         Harm     .   (gloves unavailable)
MR       +++..                  (boots unavailable)
Stlth    +++.......             t - amulet of regeneration
HPRegen  0.53/turn              w - ring of the Lumpy Cities {+Blink MR++ EV+3 Str-4}
MPRegen  0.18/turn              p - ring of magical power

@: blade paws, no potions, quick
A: very small, no armour, no weapons or thrown items, stealth, claws 1, fangs 3,
see invisible, carnivore, speed 1, shaggy fur 2, slow metabolism 1, inability to
drink while threatened
a: End Transformation, Renounce Religion, Evoke Blink


You were on level 9 of the Dungeon.
You worshipped Ru.
Ru was aware of your devotion.
You were not hungry.
You had blades for front paws.
You visited 1 branch of the dungeon, and saw 9 of its levels.

You collected 526 gold pieces.
You spent 265 gold pieces at shops.

Inventory:

Missiles
 a - 25 arrows
Jewellery
 g - an uncursed amulet of inaccuracy
 h - an uncursed ring of flight
 p - a ring of magical power (right scythe-like blade)
 t - an amulet of regeneration (around neck)
 v - an uncursed ring of loudness
 w - the ring of the Lumpy Cities (left scythe-like blade) {+Blink MR++ EV+3 Str-4}
   (You bought it in a shop on level 6 of the Dungeon)

   [ring of evasion]

   It affects your evasion (+3).
   It affects your strength (-4).
   It affects your resistance to hostile enchantments.
   It lets you blink.
 x - an uncursed ring of ice
Wands
 y - a wand of digging (22)
 H - a wand of enslavement (16)
 J - a wand of flame (24)
 K - a wand of iceblast (7)
Scrolls
 d - a scroll of enchant armour {unknown}
 e - a scroll of immolation {unknown}
 f - 4 scrolls of remove curse
 i - a scroll of amnesia {unknown}
 j - a scroll of noise {unknown}
 l - 2 scrolls of blinking
 m - 2 scrolls of random uselessness
 n - 3 scrolls of teleportation
 F - a scroll of enchant weapon {unknown}
 G - a scroll of magic mapping {unknown}
Potions
 k - a potion of brilliance
 o - 2 potions of might
 q - 2 potions of curing
 r - 2 potions of flight
 u - a potion of ambrosia
 z - a potion of haste
 A - a potion of invisibility
 B - 2 potions of mutation {unknown}
 C - a potion of agility {unknown}
 D - a potion of magic {unknown}
 E - a potion of degeneration {unknown}
 I - a potion of lignification {unknown}
Books
 b - a book of Changes

   Spells                             Type                      Level
   a - Beastly Appendage              Transmutation                1
   b - Sticks to Snakes               Transmutation                2
   c - Spider Form                    Transmutation/Poison         3
   d - Ice Form                       Ice/Transmutation            4
   e - Blade Hands                    Transmutation                5
 s - the Incunabulum of Scorching Snow
   (You found it on level 4 of the Dungeon)

   Spells                             Type                      Level
   a - Throw Flame                    Conjuration/Fire             2
   b - Conjure Flame                  Conjuration/Fire             3
   c - Freezing Cloud                 Conjuration/Ice/Air          6
Comestibles
 c - 10 rations


   Skills:
 - Level 5.8 Fighting
 - Level 7.3 Dodging
 - Level 7.7 Stealth
 + Level 5.5 Unarmed Combat
 - Level 2.0 Spellcasting
 - Level 11.7 Transmutations


You had one spell level left.
You knew the following spells:

 Your Spells              Type           Power        Failure   Level  Hunger
a - Beastly Appendage     Tmut           #####.       8%          1    #......
b - Sticks to Snakes      Tmut           #####...     10%         2    ###....
c - Spider Form           Tmut/Pois      ###.......   34%         3    ###....
d - Blade Hands           Tmut           #####.....   32%         5    ######.


Dungeon Overview and Level Annotations

Branches:
Dungeon (9/15)             Temple (0/1) D:7            Lair (0/6) D:8
    Orc: D:9-12

Altars:
Cheibriados
Gozag
Nemelex Xobeh
Okawaru
Qazlal
Ru
Sif Muna
Trog
Xom

Shops:
D:4 *   D:6 [**%*

Annotations:
D:3 jazmu's ghost, amateur DsFE
D:4 Mirai's ghost, amateur HOFi
D:7 Joseph; Xelenos's ghost, novice DrFE
D:9 Gastronok


Innate Abilities, Weirdness & Mutations

You cannot wear armour.
You are incapable of wielding weapons or throwing items.
Your paws allow you to move quietly. (Stealth)
You have sharp claws.
You have razor-sharp teeth.
You have supernaturally acute eyesight. (SInv)
You are carnivorous and can eat meat at any time.
You cover ground quickly.
You are covered in thick fur. (AC +2)
You have a slow metabolism.
You cannot drink potions while threatened.
((Your sharp claws are effective at attacking unaware monsters.))


Message History

An adder comes into view.
The adder hisses angrily.
You hit the bullfrog.
The bullfrog is moderately wounded.
The bullfrog completely misses you. The orc warrior completely misses you.
The bullfrog completely misses you.
You slash the bullfrog!
The bullfrog is severely wounded.
The bullfrog hits you.
The orc warrior hits you from afar with a trident!
You hit the bullfrog.
The bullfrog is almost dead.
The bullfrog hits you!
You feel threatened and lose the ability to drink potions!
The orc warrior barely misses you. The bullfrog hits you!
* * * LOW HITPOINT WARNING * * *
An orc wizard comes into view. It is wielding a dagger.
The orc priest calls down the wrath of Beogh upon you.
Beogh smites you!
You die...

.....#. .....#
$.....##. #....#
##.#### #. #.##.# #.#
###.##.####### #.# ###
#(...().......
#(###....#..##)######.
...# #.#.##.#####.#
#..# # #.##.....o#
#..# #.#..@####.##
#..# #.#...F.o.o.#
##..### #.#...####oSo#
#.....# #.##### ...
#.###.###.# # #.#
#.....# #.# #.#####
#.# #.# #.# #.#


You could see an orc warrior, a bullfrog, an orc priest, an orc wizard, an adder
and 2 orcs.

Vanquished Creatures
  A two-headed ogre (D:8)
  Pikel (D:6)
  A vampire (D:9)
  A wyvern (D:8)
  Grum (D:8)
  A hungry ghost (D:7)
  A water moccasin (D:7)
  A sky beast (D:6)
  A porcupine (D:8)
  A slave (D:6)
  2 orc warriors
  3 ice beasts
  2 phantoms
  5 ogres
  3 wolves (D:8)
  A centaur (D:5)
  A big kobold (D:9)
  3 bullfrogs
  3 scorpions
  8 wights
  A howler monkey (D:4)
  A centaur zombie (D:5)
  4 crimson imps
  A hound (D:6)
  3 orc priests (D:6)
  6 orc wizards
  2 iguanas (D:4)
  8 worker ants
  3 hound skeletons
  A worker ant zombie (D:9)
  A gnoll (D:1)
  12 adders
  3 shadow imps
  An ooze (D:2)
  An adder zombie (D:8)
  4 worms
  2 adder skeletons
  3 dart slugs
  5 leopard geckos
  33 orcs
  6 giant cockroaches
  5 goblins
  8 hobgoblins
  15 jackals
  6 quokkas
  6 bats
  3 frilled lizards
  2 jackal skeletons (D:4)
  13 kobolds
  2 leopard gecko skeletons
  A leopard gecko zombie (D:8)
  A quokka zombie (D:8)
  8 rats
212 creatures vanquished.

Vanquished Creatures (collateral kills)
  A phantom (D:4)
  2 ogres (D:5)
  A wight (D:6)
  An orc priest (D:5)
  A worker ant (D:8)
  A worm (D:2)
  An orc (D:5)
  A jackal (D:4)
9 creatures vanquished.

Vanquished Creatures (others)
  2 slaves (D:6)
  A shadow imp (D:6)
3 creatures vanquished.

Grand Total: 224 creatures vanquished

Notes
Turn   | Place    | Note
-------+----------+-------------------------------------------
     0 | D:1      | inc the Felid Transmuter began the quest for the Orb.
     0 | D:1      | Reached XP level 1. HP: 9/9 MP: 4/4
   187 | D:1      | Reached XP level 2. HP: 3/12 MP: 6/6
   631 | D:1      | Reached XP level 3. HP: 14/15 MP: 7/7
   904 | D:2      | Found a sacrificial altar of Ru.
   937 | D:2      | Became a worshipper of Ru the Awakened
   980 | D:2      | Reached XP level 4. HP: 17/19 MP: 8/8
   994 | D:2      | Reached skill level 5 in Unarmed Combat
  1048 | D:2      | Found a stormy altar of Qazlal.
  1632 | D:2      | Learned a level 2 spell: Sticks to Snakes
  1846 | D:2      | Found a sparkling altar of Nemelex Xobeh.
  2054 | D:2      | Noticed a sky beast
  2110 | D:2      | Found a deep blue altar of Sif Muna.
  2150 | D:2      | Found a snail-covered altar of Cheibriados.
  2184 | D:3      | Noticed jazmu's ghost (amateur DsFE)
  2560 | D:2      | Learned a level 3 spell: Spider Form
  2862 | D:3      | Gained mutation: You cannot drink potions while threatened. [Ru sacrifice]
  2862 | D:3      | Reached * piety under Ru
  2888 | D:3      | Found a shimmering altar of Xom.
  3264 | D:4      | Noticed an ogre
  3318 | D:4      | Reached skill level 3 in Transmutations
  3318 | D:4      | Reached XP level 5. HP: 21/22 MP: 3/9
  3535 | D:4      | Noticed Mirai's ghost (amateur HOFi)
  3695 | D:4      | Identified the Incunabulum of Scorching Snow
  3759 | D:4      | Reached skill level 4 in Transmutations
  3934 | D:5      | Entered Level 5 of the Dungeon
  3937 | D:5      | Noticed an ogre
  3948 | D:5      | Found a stormy altar of Qazlal.
  4016 | D:5      | Found an opulent altar of Gozag.
  4017 | D:5      | Noticed an ogre
  4135 | D:4      | Killed an ogre
  4135 | D:4      | Reached skill level 5 in Transmutations
  4135 | D:4      | Gained mutation: You are covered in thick fur. (AC +2) [Felid growth]
  4135 | D:4      | Reached XP level 6. HP: 22/25 MP: 0/10
  4193 | D:4      | Found Qapn's Assorted Antiques.
  4605 | D:4      | Reached skill level 6 in Transmutations
  4681 | D:4      | Reached XP level 7. HP: 28/28 MP: 11/11
  4735 | D:4      | Bought a lumpy white potion for 26 gold pieces
  4735 | D:4      | Bought a scroll of identify for 58 gold pieces
  4801 | D:4      | Reached skill level 7 in Transmutations
  5122 | D:5      | Found a bloodstained altar of Trog.
  5320 | D:5      | Reached skill level 8 in Transmutations
  5479 | D:5      | Found an iron altar of Okawaru.
  5534 | D:5      | Reached skill level 9 in Transmutations
  5634 | D:5      | Reached XP level 8. HP: 16/32 MP: 12/12
  5648 | D:5      | Learned a level 5 spell: Blade Hands
  5948 | D:6      | Found a sacrificial altar of Ru.
  6251 | D:6      | Found Cunk's Assorted Antiques.
  6252 | D:6      | Noticed Pikel
  6307 | D:6      | Killed Pikel
  6307 | D:6      | Reached skill level 11 in Transmutations
  6487 | D:6      | Found Xatuenn's General Store.
  6489 | D:6      | Found Wituich's Food Emporium.
  6521 | D:6      | Bought a scroll of identify for 26 gold pieces
  6576 | D:6      | Found Cerif's Assorted Antiques.
  6582 | D:6      | Found Peotsasch's Armour Shoppe.
  6584 | D:6      | Bought a translucent brass ring for 155 gold pieces
  6585 | D:6      | Identified the ring of the Lumpy Cities {+Blink MR++ EV+3 Str-4} (You bought it in a shop on level 6 of the Dungeon)
  7057 | D:6      | Reached XP level 9. HP: 29/36 MP: 13/13
  7182 | D:7      | Noticed Joseph
  7192 | D:7      | HP: 1/37 [Joseph/quarterstaff (16)]
  7194 | D:7      | Slain by Joseph
  7195 | D:7      | Reached XP level 8. HP: -2/34 MP: 16/21
  7229 | D:7      | Noticed Xelenos's ghost (novice DrFE)
  7488 | D:8      | Noticed a two-headed ogre
  7504 | D:8      | Killed a two-headed ogre
  7504 | D:8      | Reached skill level 5 in Fighting
  7568 | D:8      | Noticed a death yak
  7931 | D:8      | Reached XP level 9. HP: 41/41 MP: 13/13
  7949 | D:8      | Noticed Grum
  7974 | D:8      | Reached skill level 5 in Dodging
  8006 | D:8      | Killed Grum
  8103 | D:8      | Noticed a death yak
  8207 | D:8      | Found a staircase to the Lair.
  8217 | D:8      | Noticed a death yak
  8282 | D:7      | HP: 1/41 [Joseph/sling bullet (12)]
  8515 | D:7      | Found a staircase to the Ecumenical Temple.
  8859 | D:7      | Reached skill level 5 in Stealth
  9116 | D:9      | Noticed Gastronok
  9262 | D:9      | Slain by a vampire
  9263 | D:9      | Reached XP level 8. HP: -1/38 MP: 19/21
  9354 | D:9      | Reached XP level 9. HP: 41/41 MP: 13/13
  9512 | D:9      | Killed from afar by an orc priest

Skill      XL: |  1  2  3  4  5  6  7  8  9 |
---------------+----------------------------+-----
Unarmed Combat | 4 5 |  5.5
Transmutations | 3 5 6 9 11 | 11.7
Fighting       | 5 2 |  5.8
Dodging        | 4 7 |  7.3
Stealth        | 7 6 |  7.7
Spellcasting   | |  2.0

Action                   |  1- 3 |  4- 6 |  7- 9 || total
-------------------------+-------+-------+-------++-------
Melee: Unarmed           |    77 |   176 |   630 ||   883
       Bite              |     5 |     9 |    41 ||    55
       Headbutt          |     4 |     5 |    14 ||    23
       Punch             |     1 |     2 |    12 ||    15
 Cast: Beastly Appendage |     5 |    10 |     9 ||    24
       Sticks to Snakes  |       |    17 |    23 ||    40
       Spider Form       |       |     5 |     3 ||     8
       Blade Hands       |       |       |    28 ||    28
Invok: Sacrifice Drink   |       |     1 |       ||     1
       Reject Sacrifices |       |       |     1 ||     1
 Abil: End Transformatio |       |       |     1 ||     1
  Use: Potion            |       |     2 |     3 ||     5
       Scroll            |       |       |    12 ||    12
 Stab: Sleeping          |     6 |     4 |    12 ||    22
       Distracted        |       |     2 |     5 ||     7
  Eat: Chunk             |       |     7 |    20 ||    27
       Ration            |       |     1 |     3 ||     4
Armor: Skin              |     2 |    13 |    24 ||    39
Dodge: Dodged            |    46 |   114 |   442 ||   602
